 Dungeon Crawl Stone Soup version 0.30-a0-639-g3916f1956a (webtiles) character file.

Game seed: 2850798515217874113

1842 wormed the Changer (level 9, -4/63 HPs)
             Began as an Octopode Transmuter on Jan 16, 2023.
             Was an Initiate of Gozag.
             Slain by an orc wizard
             ... wielding a +0 dagger of electrocution
              (8 damage)
             ... on level 6 of the Dungeon.
             The game lasted 00:07:00 (5166 turns).

wormed the Changer (Octopode Transmuter)            Turns: 5166, Time: 00:07:00

Health: -4/63      AC:  8    Str:  9    XL:     9   Next: 12%
Magic:  16/19      EV: 10    Int: 20    God:    Gozag
Gold:   499        SH:  0    Dex: 12    Spells: 14/21 levels left

rFire   x . .      SeeInvis .      - Unarmed
rCold   + + +      Faith    .    (shield currently unavailable)
rNeg    . . .      Spirit   .    (helmet currently unavailable)
rPois   +          Reflect  .    (no amulet)
rElec   .          Harm     .    (no ring)
rCorr   .          Rampage  .    (no ring)
Will    .....                    (no ring)
Stlth   +                        (no ring)
HPRegen 0.30/turn                (no ring)
MPRegen 0.16/turn                (no ring)
                                 (no ring)
                                 (no ring)

@: mighty, ice-form, wereblooded, gold aura, hasted, very quick
A: freezing attack, boosted hp, almost no armour, amphibious, 8 rings, large,
(camouflage 1), (gelatinous body 1), (nimble swimmer 1), (tentacles)
a: End Transformation, Renounce Religion, Potion Petition, Call Merchant, Bribe
Branch


You were on level 6 of the Dungeon.
You worshipped Gozag.
Gozag was aware of your devotion.
You were a creature of crystalline ice.
You visited 1 branch of the dungeon, and saw 6 of its levels.

You collected 573 gold pieces.
You paid 74 gold pieces to Gozag.

Inventory:

Jewellery
 r - a ring of ice
Wands
 e - a wand of charming (13)
 g - a wand of flame (4) (quivered)
 q - a wand of digging (2)
Scrolls
 a - a scroll of blinking
 b - a scroll of magic mapping
 l - a scroll of amnesia
 n - a scroll of torment {unknown}
 o - 2 scrolls of enchant armour
Potions
 c - a potion of brilliance
 f - 2 potions of curing
 h - a potion of cancellation {unknown}
 i - a potion of invisibility
 j - a potion of ambrosia
 k - a potion of flight {unknown}
 m - a potion of magic {unknown}


   Skills:
 + Level 1.5 Fighting
 + Level 2.4 Dodging
 + Level 3.3 Unarmed Combat
 + Level 6.7 Spellcasting
 + Level 7.3 Transmutations
 - Level 5.0 Ice Magic


You had 14 spell levels left.
You knew the following spells:

 Your Spells              Type           Power      Damage    Failure   Level
a - Ice Form              Ice/Tmut       31%        N/A       8%          4
b - Wereblood             Tmut           36%        N/A       1%          2
z - Beastly Appendage     Tmut           72%        N/A       1%          1

Your spell library contained the following spells:

 Spells                   Type           Power      Damage    Failure   Level
 Spider Form              Tmut/Pois      21%        N/A       6%          3


Dungeon Overview and Level Annotations

Branches:
Dungeon (6/15)
 Temple: D:4-7

Altars:
Cheibriados
Fedhas
Gozag
Kikubaaqudgha
Ru
Xom
Zin
The Shining One


Innate Abilities, Weirdness & Mutations

You are a creature of crystalline ice.
You have a powerful freezing melee attack.
Your maximum health is increased.
Your armour is entirely melded.
You are incapable of wielding weapons or throwing items.
You cannot wear most types of armour.
You are amphibious.
You can wear up to eight rings at the same time.
((Your skin changes colour to match your surroundings (Stealth+).))
((Your rubbery body absorbs attacks. (AC +1, EV +1)))
((You are camouflaged when in or above water. (Stealth+)))
((You have tentacles for arms and can constrict up to eight enemies at once.))


Message History

The orc wizard casts a spell.
The orc wizard flickers and vanishes!
Deactivating autopickup; reactivate with Ctrl-A.
You hit the orc priest. You freeze the orc priest.
You feel a bit better.
You kill the orc priest!
The ufetubus hits you but does no damage.
The ufetubus misses you. The orc warrior barely misses you.
You hit the ufetubus. You freeze the ufetubus.
The ufetubus is severely wounded.
The ufetubus closely misses you. The ufetubus barely misses you.
The orc hits you with a +0 whip.
The orc warrior hits you but does no damage.
The ufetubus closely misses you.
The ufetubus hits you but does no damage.
You hit the ufetubus.
You feel a bit better.
You kill the ufetubus!
You barely miss the orc warrior.
The orc warrior is heavily wounded.
You howl as the wereblood boils in your veins!
The orc hits you with a +0 whip. The orc completely misses you.
You punch the orc! You freeze the orc.
You feel a bit better.
You kill the orc!
The orc is distracted by your dazzling golden aura.
The orc shouts!
You punch the orc! You freeze the orc.
You feel a bit better.
You kill the orc!
The orc warrior barely misses you. Something hits you.
You are electrocuted!
* * * LOW HITPOINT WARNING * * *
You feel yourself speed up.
The orc warrior is distracted by your dazzling golden aura.
Something hits you but does no damage.
You feel very mighty all of a sudden.
You completely miss the orc warrior.
The orc warrior is no longer distracted by gold.
The orc warrior is heavily wounded.
The orc warrior hits you with a +0 scimitar!
* * * LOW HITPOINT WARNING * * *
Something hits you but does no damage.
You are electrocuted!
You die...
Your body crumbles into a pile of gold.

####..##
####.....#
#........##
...........#
.###.......# ## $
######..######...
##..........
##.o$....[. $
##Y{......
##$.....# ...####
#.## .. #.. ...
....


You could see an orc warrior.

Vanquished Creatures
  Pikel (D:5)
  Eustachio (D:4)
  Menkaure (D:5)
  Edmund (D:4)
  A water moccasin (D:5)
  2 ice beasts
  A centaur (D:5)
  A phantom (D:5)
  2 scorpions (D:5)
  3 orc priests
  2 hounds
  An orc wizard (D:4)
  Jessica (D:2)
  2 iguanas
  Robin (D:3)
  10 adders
  A white imp (D:5)
  An ufetubus (D:6)
  2 worms (D:2)
  8 dart slugs
  10 orcs
  8 endoplasms
  2 giant cockroaches
  10 goblins
  13 hobgoblins
  2 jackals (D:3)
  7 quokkas
  7 ball pythons
  4 bats
  6 frilled lizards
  7 kobolds
  6 rats
125 creatures vanquished.

Notes
Turn   | Place    | Note
-------+----------+-------------------------------------------
     0 | D:1      | wormed the Octopode Transmuter began the quest for the Orb.
     0 | D:1      | Reached XP level 1. HP: 13/13 MP: 3/3
   156 | D:1      | Reached XP level 2. HP: 9/18 MP: 3/5
   349 | D:1      | Reached skill level 1 in Ice Magic
   844 | D:1      | Learned a level 2 spell: Wereblood
   893 | D:2      | Reached XP level 3. HP: 16/23 MP: 2/6
   924 | D:2      | Found a shimmering altar of Xom.
  1152 | D:2      | Noticed Jessica
  1164 | D:2      | Killed Jessica
  1165 | D:2      | Reached XP level 4. HP: 26/28 MP: 4/8
  1173 | D:2      | Reached skill level 3 in Transmutations
  1249 | D:2      | Learned a level 4 spell: Ice Form
  1955 | D:3      | Reached XP level 5. HP: 30/33 MP: 5/9
  2545 | D:3      | Noticed Robin
  2553 | D:3      | Killed Robin
  2701 | D:4      | Found a blossoming altar of Fedhas.
  2701 | D:4      | Noticed Eustachio
  2705 | D:4      | Found an opulent altar of Gozag.
  2720 | D:4      | Killed Eustachio
  2721 | D:4      | Reached skill level 4 in Transmutations
  2721 | D:4      | Reached XP level 6. HP: 30/38 MP: 7/11
  2798 | D:4      | Found a glowing golden altar of the Shining One.
  2799 | D:4      | Found a glowing silver altar of Zin.
  2799 | D:4      | Found a snail-covered altar of Cheibriados.
  2800 | D:4      | Found an ancient bone altar of Kikubaaqudgha.
  2804 | D:4      | Became a worshipper of Gozag Ym Sagoz the Greedy
  2969 | D:4      | Reached XP level 7. HP: 43/43 MP: 13/13
  2976 | D:4      | Noticed Edmund
  3264 | D:5      | Entered Level 5 of the Dungeon
  3285 | D:5      | Noticed Menkaure
  3296 | D:5      | Killed Menkaure
  3297 | D:5      | Reached skill level 5 in Transmutations
  3762 | D:5      | Noticed Pikel
  3783 | D:5      | Killed Pikel
  3784 | D:5      | Reached skill level 5 in Spellcasting
  3784 | D:5      | Reached skill level 6 in Transmutations
  3784 | D:5      | Reached skill level 5 in Ice Magic
  3784 | D:5      | Reached XP level 8. HP: 7/48 MP: 10/16
  3993 | D:5      | Found a sacrificial altar of Ru.
  4897 | D:4      | Killed Edmund
  4898 | D:4      | Reached skill level 7 in Transmutations
  4898 | D:4      | Reached XP level 9. HP: 53/53 MP: 14/18
  5166 | D:6      | Slain by an orc wizard

Illustrated notes

Levels and vault maps discovered:
D:1:      amcnicky_arrival_flooded_fountain, layout_basic
D:2:      layout_rooms, basic_altar, uniq_jessica
D:3:      layout_rooms, minmay_misc_feat_four_crosses, grunt_ministairs_10,
          palyth_stone_intersect, minmay_crystal_water,
          minmay_misc_feat_more_columns, uniq_robin
D:4:      layout_cave_pools, grunt_temple_overflow_open,
          hangedman_abyss_or_decor_stabs, uniq_edmund, uniq_eustachio
D:5:      layout_gridville, nicolae_ru_sacrificial_ziggurat, uniq_pikel,
          uniq_menkaure
D:6:      layout_cave_pods, kennysheep_potato

Skill      XL: |  1  2  3  4  5  6  7  8 |
---------------+-------------------------+-----
Ice Magic      | 1 2 3 5 |  5.0
Transmutations | 3 4 6 7 |  7.3
Spellcasting   | 3 4 5 6 |  6.7
Fighting       | |  1.5
Dodging        | |  2.4
Unarmed Combat | |  3.3

Action                   |  1- 3 |  4- 6 |  7- 9 || total
-------------------------+-------+-------+-------++-------
Melee: Unarmed           |    61 |   155 |   135 ||   351
       Constrict         |    14 |    25 |       ||    39
       Tentacles         |    12 |    14 |       ||    26
       Kick              |    10 |    34 |       ||    44
       Punch             |       |     1 |       ||     1
 Cast: Beastly Appendage |    18 |    19 |     5 ||    42
       Wereblood         |     4 |    19 |     8 ||    31
       Ice Form          |       |     6 |    20 ||    26
Evoke: Wand              |       |       |     1 ||     1
  Use: Scroll            |     2 |     7 |     7 ||    16
       Potion            |       |     3 |     3 ||     6
 Stab: Sleeping          |     4 |     4 |       ||     8
Armor: Skin              |     1 |    50 |    39 ||    90
Dodge: Dodged            |    34 |   105 |    63 ||   202

Table legend: (Time is in decaauts)
 A = Elapsed time spent in this place.
 B = Non-inter-level travel time spent in this place.
 C = Inter-level travel time spent in this place.
 D = Time resting spent in this place.
 E = Time spent auto-exploring this place.
 F = Levels seen in this place.
 G = Mean time per level.
                   A        B        C        D        E       F      G
               +--------+--------+--------+--------+--------+-----+--------+
         Total |   5146 |   5012 |    134 |      0 |   4056 |   6 |  857.7 |
       Dungeon |   5146 |   5012 |    134 |      0 |   4056 |   6 |  857.7 |
               +--------+--------+--------+--------+--------+-----+--------+

Top non-repeatable levels by time:
     D:5: 1280 daAuts
     D:3: 986 daAuts
     D:4: 911 daAuts
     D:2: 898 daAuts
     D:1: 862 daAuts
     D:6: 207 daAuts
